Map: 카이로스 정션 - 래더

Players

TSGSolar (Solar)

  • Race: Zerg Zerg
  • League: Master
  • Spawn Location: 5:00

Classic - Winner!

  • Race: Protoss Protoss
  • League: Master
  • Spawn Location: 11:00

Event: IEM Season 13 - Katowice Server Qualifiers Asia 2

VOD

Have the link to the VOD?

Description

Time

  • Played on: Jan. 22, 2019, 5:32 a.m.
  • Length: 9:56

All games in this series

Show
View Real Time Build Order
Export as new Build Order

TSGSolar Zerg 

Build Orders: Hatch First 

Get SALT Encoding   

  12  0:01  Drone  
  13  0:12  Overlord  
  13  0:16  Drone  
  14  0:31  Drone  
  15  0:40  Drone  
  16  0:48  Hatchery  
  15  0:51  Drone  
  15  0:56  Drone  
  17  0:58  Drone  
  18  1:07  Extractor  
  17  1:14  Spawning Pool  
  17  1:17  Drone  
  17  1:22  Drone  
  18  1:29  Drone  
  19  1:39  Drone  
  20  1:53  Hatchery  
  19  1:55  Drone  
  20  2:05  Queen  
  22  2:09  Drone  
  22  2:14  Metabolic Boost  
  23  2:17  Drone  
  23  2:20  Drone  
  25  2:25  Overlord  
  25  2:32  Queen  
  25  2:35  Zergling x2  
  28  2:44  Zergling x2, Drone x2  
  29  2:48  Queen  
  33  2:54  Drone x2  
  33  2:57  Drone  
  36  3:05  Queen  
  36  3:07  Overlord  
  36  3:08  Drone  
  36  3:11  Drone  
  40  3:14  Drone  
  40  3:18  Drone  
  42  3:21  Overlord  
  42  3:25  Queen  
  42  3:26  Drone  
  45  3:28  Drone  
  45  3:32  Drone x2  
  48  3:45  Spore Crawler, Drone  
  48  3:46  Spore Crawler, Drone  
  48  3:47  Drone x2  
  50  3:51  Overlord  
  50  3:56  Overlord  
  50  4:03  Overlord  
  50  4:10  Drone x7  
  50  4:11  Drone  
  50  4:15  Drone x5  
  50  4:16  Drone  
  64  4:21  Drone x2  
  66  4:25  Overlord  
  66  4:28  Zergling x4  
  66  4:30  Lair  
  68  4:34  Zergling x6  
  68  4:36  Drone x2  
  72  4:39  Zergling x2  
  72  4:43  Roach Warren  
  72  4:44  Extractor  
  72  4:45  Extractor  
  70  4:51  Drone x4  
  71  4:54  Zergling x6  
  71  4:56  Zergling x2  
  71  4:59  Zergling x2  
  75  5:01  Overlord  
  75  5:02  Overlord  
  75  5:04  Drone x3  
  77  5:08  Extractor  
  77  5:09  Overlord  
  77  5:12  Overlord  
  77  5:13  Zergling x2  
  77  5:18  Overlord  
  77  5:23  Roach x5  
  77  5:28  Overseer  
  87  5:29  Glial Reconstitution  
  87  5:30  Roach  
  87  5:32  Roach, Overlord  
  91  5:36  Roach x2  
  91  5:38  Roach  
  91  5:39  Overlord  
  91  5:42  Roach  
  98  5:48  Roach x2  
  95  5:51  Roach x2  
  95  5:52  Zergling x2  
  95  5:53  Zergling x6  
  99  5:57  Roach  
  99  5:58  Roach  
  99  6:03  Drone x2  
  105  6:04  Drone  
  105  6:06  Drone  
  103  6:11  Drone x2  
  103  6:12  Drone  
  103  6:15  Drone  
  103  6:16  Drone  
  106  6:19  Drone  
  106  6:22  Extractor  
  106  6:23  Drone  
  106  6:24  Spire  
  106  6:26  Drone  
  106  6:30  Drone  
  107  6:33  Overlord  
  107  6:34  Extractor  
  107  6:38  Drone  
  107  6:47  Drone x2  
  107  6:48  Overlord  
  107  6:52  Roach x3  
  109  6:57  Drone x3  
  109  6:59  Drone x2  
  109  7:01  Zergling x6  
  116  7:02  Zergling x2  
  116  7:05  Hatchery, Zergling x2  
  116  7:07  Ravager x2  
  119  7:08  Ravager  
  119  7:09  Zergling x2  
  119  7:11  Overseer  
  119  7:13  Overlord  
  118  7:15  Overlord  
  118  7:20  Drone x3  
  121  7:24  Evolution Chamber  
  121  7:26  Overlord  
  120  7:35  Mutalisk x8  
  136  7:38  Mutalisk  
  138  7:51  Zerg Missile Weapons Level 1  
  138  7:53  Overlord  
  138  7:55  Overlord  
  138  7:57  Roach x7  
  152  8:02  Roach x3  
  158  8:08  Roach  
  158  8:10  Overlord x2  
  158  8:12  Ravager x3  
  163  8:18  Roach x2  
  163  8:19  Ravager  
  166  8:21  Overlord  
  166  8:25  Roach x4, Zergling x2  
  166  8:26  Zergling x4  
  175  8:31  Roach x3  
  175  8:33  Zergling x4  
  183  8:35  Ravager  
  183  8:37  Roach  
  178  8:43  Roach x2  
  178  8:46  Roach  
  158  8:50  Roach x4  
  158  8:52  Roach x2, Queen  
  144  8:56  Roach x3  
  144  8:59  Roach x2  
  134  9:04  Roach x2  
  134  9:06  Queen  
  134  9:08  Roach  
  120  9:13  Roach x2  
  120  9:17  Roach  
  106  9:18  Zergling x2  
  106  9:19  Zergling x2  
  106  9:23  Roach  
  84  9:26  Roach  
  84  9:27  Ravager  
  84  9:30  Roach  
  82  9:32  Zergling x4  
  81  9:38  Zergling x6  
Show
View Real Time Build Order
Export as new Build Order

Classic Protoss - Winner!

Build Orders: 1 Gate Expand, Oracle Opening, Phoenix Opening, Archon Immortal 

Get SALT Encoding   

  12  0:00  Probe  
  13  0:12  Probe  
  14  0:18  Pylon  
  14  0:24  Probe  
  15  0:33  Probe  
  15  0:39  Gateway  
  15  0:41  Probe  
  16  0:46  Assimilator  
  17  0:51  Probe  
  18  1:03  Probe  
  19  1:15  Probe  
  20  1:24  Nexus  
  20  1:27  Probe  
  21  1:37  Cybernetics Core  
  22  1:40  Probe  
  22  1:46  Assimilator  
  22  1:52  Pylon  
  22  1:54  Probe  
  23  2:04  Adept  
  23  2:10  Probe  
  26  2:16  Stargate  
  26  2:23  Probe  
  26  2:25  Warp Gate  
  27  2:30  Adept  
  27  2:31  Probe  
  27  2:32  Probe  
  31  2:39  Probe  
  31  2:40  Probe  
  32  2:49  Probe  
  32  2:50  Probe  
  33  2:53  Phoenix  
  35  3:01  Probe  
  35  3:02  Probe  
  39  3:09  Pylon  
  39  3:13  Probe  
  39  3:14  Oracle, Probe  
  44  3:23  Gateway  
  44  3:25  Probe  
  44  3:26  Probe  
  46  3:30  Gateway  
  46  3:37  Probe  
  46  3:38  Probe  
  48  3:41  Twilight Council  
  48  3:45  Assimilator  
  48  3:47  Assimilator  
  48  3:49  Probe  
  48  3:50  Probe  
  48  3:54  Resonating Glaives  
  48  3:55  Pylon  
  50  3:56  Adept  
  52  4:03  Probe x2  
  52  4:06  Robotics Facility  
  54  4:15  Probe x2  
  56  4:20  Pylon  
  56  4:32  Adept x3  
  62  4:40  Pylon  
  62  4:55  Adept  
  62  4:56  Adept x2  
  62  4:59  Immortal  
  71  5:06  Pylon  
  71  5:08  Probe  
  72  5:17  Adept x2  
  72  5:18  Adept  
  78  5:21  Nexus  
  78  5:22  Pylon  
  78  5:28  Forge  
  78  5:31  Probe x2  
  80  5:39  Adept x2  
  84  5:46  Immortal  
  80  6:01  Sentry x3  
  78  6:06  Protoss Ground Weapons Level 1  
  78  6:07  Probe x2  
  66  6:18  Immortal  
  66  6:23  Probe x2  
  72  6:27  Sentry x2, Gateway  
  72  6:30  Sentry  
  72  6:31  Gateway  
  78  6:33  Gateway  
  78  6:34  Charge  
  78  6:35  Probe  
  79  6:42  Probe x2  
  81  6:48  Probe  
  81  6:50  Adept  
  81  6:52  Zealot  
  86  6:54  Zealot  
  92  7:03  Gateway  
  92  7:04  Gateway  
  92  7:06  Probe x2  
  92  7:07  Probe  
  95  7:11  Templar Archives  
  95  7:12  Immortal  
  95  7:18  Probe x2  
  95  7:19  Probe  
  95  7:21  Pylon  
  98  7:26  Gateway  
  98  7:27  Gateway  
  98  7:34  Zealot x2  
  98  7:35  Pylon  
  102  7:39  Warp Prism  
  102  7:48  High Templar x4, Assimilator  
  102  7:50  Assimilator  
  110  7:51  Photon Cannon  
  110  7:54  Archon x2  
  112  7:58  Zealot x4  
  112  8:00  Pylon  
  123  8:23  Stalker x5  
  122  8:36  Zealot x3  
  106  8:50  Pylon  
  106  8:52  Zealot x5  
  106  9:00  Pylon  
  94  9:14  Zealot x3, Pylon  
  78  9:27  Zealot x5  
  73  9:47  Zealot x4  
  73  9:50  Zealot  
  79  9:53  Zealot  

Tags
 
Add a new tag
Caveats
  • Supply blocks, unpowered buildings, or Contaminate may cause inaccurate times.
  • Supply counts are checked every 10 seconds.